 Dungeon Crawl Stone Soup version 0.25.1-2-g60ff931df9 (webtiles) character file.

Game seed: 626127510821148487

178 Descartes the Covered (level 5, -5/45 HPs)
             Began as a Minotaur Berserker on Aug 13, 2020.
             Was a Priest of Trog.
             Slain by an ogre
             ... wielding a +0 giant club
              (14 damage)
             ... on level 4 of the Dungeon.
             The game lasted 00:06:33 (2877 turns).

Descartes the Covered (Minotaur Berserker)          Turns: 2877, Time: 00:06:34

Health: -5/45      AC: 11    Str: 21    XL:     5   Next: 32%
Magic:  5/5        EV:  6    Int:  4    God:    Trog [***...]
Gold:   125        SH:  9    Dex: 11    Spells: 4/4 levels left

rFire    . . .     SeeInvis .   a - +1 hand axe
rCold    . . .     Gourm    .   l - +0 kite shield
rNeg     . . .     Faith    .   B - +0 chain mail
rPois    .         Spirit   .   (helmet restricted)
rElec    .         Reflect  .   (no cloak)
rCorr    +         Harm     .   z - +0 pair of gloves
MR       .....                  (no boots)
Stlth    ..........             k - amulet of regeneration
HPRegen  0.55/turn              j - ring of resist corrosion
MPRegen  0.09/turn              (no ring)

@: no status effects
A: retaliatory headbutt, horns 2
a: Berserk, Trog's Hand, Renounce Religion


You were on level 4 of the Dungeon.
You worshipped Trog.
Trog was most pleased with you.
You were very hungry.

You visited 1 branch of the dungeon, and saw 4 of its levels.

You collected 125 gold pieces.

Inventory:

Hand Weapons
 a - a +1 hand axe (weapon)
Missiles
 b - 32 bolts
 d - 119 stones (quivered)
 o - 18 arrows
Armour
 l - a +0 kite shield (worn)
 z - a +0 pair of gloves (worn)
 B - a +0 chain mail (worn)
Jewellery
 j - a ring of resist corrosion (left hand)
 k - an amulet of regeneration (around neck)
Wands
 r - a wand of paralysis (6)
Potions
 e - a potion of lignification
 f - a potion of degeneration {unknown}
 g - a potion of curing {unknown}
 h - a potion of stabbing {unknown}
 i - 2 potions of brilliance
 n - 3 potions of heal wounds {unknown}
 p - a potion of mutation {unknown}
 v - 2 potions of haste {unknown}
 w - a potion of flight {unknown}
Comestibles
 c - 5 rations
 m - a chunk of flesh


   Skills:
 - Level 3.6 Fighting
 - Level 3.6 Axes
 + Level 5.6 Armour
 - Level 2.1 Dodging
 + Level 2.5 Shields
 + Level 1.5 Evocations


You had 4 spell levels left.
You didn't know any spells.
Your spell library was empty.

Dungeon Overview and Level Annotations

Branches:
Dungeon (4/15)
 Temple: D:4-7

Altars:
Cheibriados
Hepliaklqana
Nemelex Xobeh
Sif Muna
Xom

Annotations:
D:2 1 runed translucent door, Crazy Yiuf


Innate Abilities, Weirdness & Mutations

You reflexively headbutt those who attack you in melee.
You have a pair of horns on your head.


Message History

The ogre shouts!
The ogre hits you with a +0 giant club! The ogre barely misses you.
You hit the ogre.
The ogre is lightly wounded.
The ogre hits you with a +0 giant club!!
You closely miss the ogre.
The ogre is lightly wounded.
The ogre hits you with a +0 giant club.
You hit the ogre. You headbutt the ogre!
The ogre is moderately wounded.
The ogre hits you with a +0 giant club!
* * * LOW HITPOINT WARNING * * *
A hound comes into view.
The hound barks!
You hit the ogre. You headbutt the ogre!
The ogre is almost dead.
The hound pauses to sniff the ground.
The ogre hits you with a +0 giant club!
You die...

####### #.....# #.....#
..... #.....# .....
#.....# .... +.....+
#+#.. ##...O.########
###.#.. #.....@........
....... #.........####
#.... #.........# #..
#.........# #..
#.........#############
#................... ##
#...?..h......#####.##.
##'#####......# ..#.
#.# #....?.# #.#.


You could see an ogre and a hound.

Vanquished Creatures
  An orc wizard (D:3)
  5 adders
  2 worms
  6 leopard geckos
  5 orcs
  7 bats
  5 giant cockroaches
  7 goblins
  11 hobgoblins
  8 jackals
  3 quokkas
  2 ball pythons
  7 frilled lizards
  8 kobolds
  8 rats
  A fungus (D:2)
86 creatures vanquished.

Notes
Turn   | Place    | Note
-------+----------+-------------------------------------------
     0 | D:1      | Descartes the Minotaur Berserker began the quest for the
                  | Orb.
     0 | D:1      | Reached XP level 1. HP: 19/19 MP: 0/0
    52 | D:1      | Reached skill level 3 in Armour
   212 | D:1      | Reached XP level 2. HP: 22/26 MP: 1/1
   592 | D:1      | Reached skill level 4 in Armour
   726 | D:1      | Reached ** piety under Trog
   726 | D:1      | Reached XP level 3. HP: 29/31 MP: 2/2
  1508 | D:2      | Reached skill level 1 in Shields
  1541 | D:2      | Reached skill level 5 in Armour
  1573 | D:2      | Reached XP level 4. HP: 32/39 MP: 3/3
  1676 | D:2      | Found a hazy altar of Hepliaklqana.
  1971 | D:2      | Found a runed translucent door.
  1972 | D:2      | Noticed Crazy Yiuf
  2128 | D:3      | Reached *** piety under Trog
  2128 | D:3      | Reached skill level 1 in Evocations
  2179 | D:3      | Reached XP level 5. HP: 42/45 MP: 4/4
  2336 | D:3      | Found a snail-covered altar of Cheibriados.
  2336 | D:3      | Found a shimmering altar of Xom.
  2340 | D:3      | Found a shimmering blue altar of Sif Muna.
  2340 | D:3      | Found a sparkling altar of Nemelex Xobeh.
  2844 | D:4      | Found Koset's Jewellery Shop.
  2866 | D:4      | Noticed an ogre
  2877 | D:4      | Slain by an ogre

Illustrated notes

Levels and vault maps discovered:
D:1:      ncdulo_wetmaze, layout_rooms
D:2:      layout_rooms, lemuel_coloured_pillars_altar, uniq_crazy_yiuf_cottage
D:3:      layout_rooms, grunt_temple_overflow_open, kennysheep_big_empty_room
D:4:      corexii_shantytown, layout_basic, yredelemnul_forgotten_temple_becter,
          serial_shops, shop, first_ration, enter_ossuary_5

Skill      XL: |  1  2  3  4 |
---------------+-------------+-----
Armour         | 3 4 5 |  5.6
Shields        | 1 2 |  2.5
Evocations     | 1 |  1.5
Fighting       | |  3.6
Axes           | |  3.6
Dodging        | |  2.1

Action                   |  1- 3 |  4- 6 || total
-------------------------+-------+-------++-------
Melee: Hand axe          |    84 |   102 ||   186
       Headbutt          |    10 |    17 ||    27
  Use: Scroll            |       |     8 ||     8
  Eat: Chunk             |     2 |     3 ||     5
Armor: Animal skin       |    23 |     9 ||    32
       Ring mail         |       |     5 ||     5
       Chain mail        |       |     9 ||     9
Dodge: Dodged            |    75 |    32 ||   107
Block: Kite shield       |     5 |    38 ||    43
